 Dungeon Crawl Stone Soup version 0.25.0 (webtiles) character file.

Game seed: 15299665023840611011

43 HungrySpirit the Skirmisher (level 3, 0/24 HPs)
             Began as a Gargoyle Fighter on June 12, 2020.
             Slain by Sigmund
             ... wielding a +0 scythe
              (6 damage)
             ... on level 2 of the Dungeon.
             The game lasted 00:01:20 (1080 turns).

HungrySpirit the Skirmisher (Gargoyle Fighter)      Turns: 1080, Time: 00:01:20

Health: 0/24       AC: 10    Str: 20    XL:     3   Next: 58%
Magic:  3/3        EV:  9    Int:  8    God:
Gold:   92         SH:  0    Dex:  9    Spells: 2/2 levels left

rFire    . . .     SeeInvis .   a - +0 flail
rCold    . . .     Gourm    .   (no shield)
rNeg     + . .     Faith    .   b - +0 scale mail
rPois    ∞         Spirit   .   (no helmet)
rElec    +         Reflect  .   (no cloak)
rCorr    .         Harm     .   (no gloves)
MR       .....                  (no boots)
Stlth    ..........             (no amulet)
HPRegen  0.08/turn              (no ring)
MPRegen  0.08/turn              (no ring)

@: confused, mighty, invisible
A: negative energy resistance 1, electricity resistance, unbreathing,
petrification resistance, rot immunity, AC +3
a: no special abilities


You were on level 2 of the Dungeon.
You were hungry.

You visited 1 branch of the dungeon, and saw 2 of its levels.

You collected 92 gold pieces.

Inventory:

Hand Weapons
 a - a +0 flail (weapon)
Armour
 b - a +0 scale mail (worn)
 c - a +0 kite shield
Scrolls
 e - a scroll of identify {unknown}
 h - 2 scrolls of teleportation {unknown}
 i - a scroll of magic mapping {unknown}
Potions
 d - 2 potions of might
 j - a potion of curing {unknown}
Comestibles
 f - 5 rations


   Skills:
 + Level 3.7 Fighting
 * Level 3.0 Maces & Flails
 + Level 3.7 Armour
 - Level 3.2 Shields


You had 2 spell levels left.
You didn't know any spells.
Your spell library was empty.

Dungeon Overview and Level Annotations

Branches:
Dungeon (2/15)

Altars:
Qazlal

Annotations:
D:2 Sigmund


Innate Abilities, Weirdness & Mutations

You are resistant to torment.
Your stone body is resilient. (AC +3)
You are immune to poison.
You resist negative energy. (rN+)
You are resistant to electric shocks. (rElec)
You can survive without breathing.
You are immune to petrification.
You are immune to rotting.


Message History

Found a spear.
You now have 92 gold pieces (gained 8).
j - a fuming sapphire potion Sigmund the Dreaded comes into view.
He is wielding a +0 scythe and carrying a wand of digging (4).
Sigmund shouts!
Sigmund is nearby!
Sigmund is nearby!
Sigmund hits you from afar with a +0 scythe!
Sigmund hits you with a +0 scythe!
You feel very mighty all of a sudden.
You barely miss Sigmund. Sigmund casts a spell at you.
The puff of flame hits you.
* * * LOW HITPOINT WARNING * * *
Sigmund points at you and mumbles some strange words.
You are confused.
It was a potion of invisibility.
You fade into invisibility!
Sigmund hits you with a +0 scythe.
You die...

.. .. .# # . ########
##### .#.# ..
.......###...####.#.#...
#####..(................
#..........##...#
#####...........@@..#
)..............##...#
######...#...### #..#
.............# ....
.#####..###### #### .#
#..# .# #..# .# #..# .#
#..#


You could see Sigmund.

Vanquished Creatures
  A gnoll (D:1)
  A dart slug (D:1)
  2 leopard geckos (D:1)
  A giant cockroach (D:1)
  5 goblins (D:1)
  5 hobgoblins (D:1)
  3 jackals (D:1)
  2 bats (D:1)
  2 frilled lizards (D:1)
  5 rats
27 creatures vanquished.

Notes
Turn   | Place    | Note
-------+----------+-------------------------------------------
     0 | D:1      | HungrySpirit the Gargoyle Fighter began the quest for the
                  | Orb.
     0 | D:1      | Reached XP level 1. HP: 14/14 MP: 1/1
   146 | D:1      | Reached XP level 2. HP: 19/19 MP: 2/2
   473 | D:1      | Reached XP level 3. HP: 21/23 MP: 3/3
   980 | D:2      | Found a stormy altar of Qazlal.
  1073 | D:2      | Noticed Sigmund
  1080 | D:2      | Slain by Sigmund

Illustrated notes

Levels and vault maps discovered:
D:1:      tarquinn_simple_flora_water_d, layout_basic, st_stairs_9
D:2:      layout_loops_ring, grunt_qazlal_sundering, old_standard_altar,
          uniq_sigmund

Skill      XL: |  1  2  3 |
---------------+----------+-----
Maces & Flails | 3 |  3.0
Fighting       | |  3.7
Armour         | |  3.7
Shields        | |  3.2

Action                   || total
-------------------------++-------
Melee: Flail             ||   120
  Use: Potion            ||     2
Armor: Scale mail        ||   106
Dodge: Dodged            ||    84
